 Dungeon Crawl Stone Soup version 0.20.1-1-g8b1a95d (webtiles) character file.

507 Reeggar the Skirmisher (level 6, 0/48 HPs)
             Began as a Demonspawn Berserker on Sept 19, 2017.
             Was a Believer of Trog.
             Succumbed to a worker ant's poison
             ... on level 4 of the Dungeon.
             The game lasted 00:27:13 (4499 turns).

Reeggar the Skirmisher (Demonspawn Berserker)       Turns: 4499, Time: 00:27:14

Health: 0/48       AC: 11    Str: 19    XL:     6   Next: 97%
Magic:  6/6        EV:  8    Int:  9    God:    Trog [**....]
Gold:   132        SH:  4    Dex: 12    Spells: 5/5 levels left

rFire    . . .     SeeInvis .   w - -2 short sword (curse)
rCold    . . .     Gourm    .   r - +0 buckler
rNeg     . . .     Faith    .   u - +1 scale mail
rPois    .         Spirit   .   h - +0 helmet
rElec    .         Reflect  .   (no cloak)
rCorr    .         Harm     .   (no gloves)
MR       +....                  (no boots)
Stlth    +.........             (no amulet)
Regen    0.2/turn               f - -2 ring of evasion
MPRegen  0.1/turn               j - ring of protection from magic

@: lethally poisoned (0 -> -4), berserk cooldown, starving, slowed, very slow
A: yellow scales 1, nightstalker 1, powered by pain 1
a: Berserk, Trog's Hand, Burn Spellbooks, Renounce Religion


You were on level 4 of the Dungeon.
You worshipped Trog.
Trog was pleased with you.
You were starving.

You visited 1 branch of the dungeon, and saw 4 of its levels.

You collected 132 gold pieces.

Inventory:

Hand Weapons
 e - a +0 blowgun
 v - a +2 broad axe
 w - a cursed -2 short sword (weapon)
Missiles
 n - 15 poisoned needles
Armour
 h - a +0 helmet (worn)
 k - a +0 helmet
 m - a +0 leather armour
 r - a +0 buckler (worn)
 u - a +1 scale mail (worn)
Jewellery
 f - a -2 ring of evasion (left hand)
 j - a ring of protection from magic (right hand)
Scrolls
 b - a scroll of amnesia
 d - 4 scrolls of identify
 l - a scroll of enchant armour
 t - 2 scrolls of enchant weapon
Potions
 a - a potion of berserk rage
 g - 2 potions of lignification {unknown}
 p - a potion of curing {unknown}
 q - a potion of flight
 s - a potion of agility
Comestibles
 c - a bread ration
 i - 2 royal jellies


   Skills:
 + Level 4.3 Fighting
 + Level 4.1 Axes
 + Level 3.3 Armour
 + Level 3.4 Dodging
 + Level 1.6 Stealth
 + Level 1.9 Shields


You had 5 spell levels left.
You didn't know any spells.

Dungeon Overview and Level Annotations

Branches:
Dungeon (4/15)
 Temple: D:4-7

Altars:
Nemelex Xobeh

Annotations:
D:4 cba's ghost, novice FoFi


Innate Abilities, Weirdness & Mutations

You are partially covered in yellow scales. (AC +2)
You are slightly more attuned to the shadows.
You sometimes gain a little power by taking damage.


Message History

* * * LOW HITPOINT WARNING * * *
You feel sick.
You hit the worker ant but do no damage.
* * * LOW HITPOINT WARNING * * *
You feel sick.
The worker ant bites you but does no damage.
The worker ant barely misses you.
You hit the worker ant but do no damage.
* * * LOW HITPOINT WARNING * * *
You feel sick.
The worker ant bites you but does no damage.
The worker ant misses you.
The worker ant bites you but does no damage.
You closely miss the worker ant.
* * * LOW HITPOINT WARNING * * *
You feel sick. The worker ant barely misses you.
The worker ant completely misses you.
You hit the worker ant.
The worker ant is moderately wounded.
You die...

...###.# #..###.#
....##.## .##.....####
######....##.
######.#.###.###
.##...)..# #...#
.##.##.#######.#######..
.).............a@......#
....[.....####.#########
...........# #.#
#..<.......###.####
#..........##.....#
#.................#
#..........#......#
##........##......#
#........##......#


You could see a worker ant.

Vanquished Creatures
  A phantom (D:4)
  2 ogres
  A centaur zombie (D:4)
  An orc priest (D:3)
  A worker ant (D:4)
  A howler monkey zombie (D:3)
  4 adders
  3 gnolls (D:2)
  An ooze (D:2)
  A worm (D:3)
  4 dart slugs
  A leopard gecko (D:2)
  8 orcs (D:3)
  A ball python (D:4)
  4 giant cockroaches
  8 goblins
  5 hobgoblins
  4 jackals (D:3)
  A quokka (D:2)
  11 bats
  6 frilled lizards
  5 kobolds
  A leopard gecko skeleton (D:4)
  3 rats
78 creatures vanquished.

Notes
Turn   | Place    | Note
-------+----------+-------------------------------------------
     0 | D:1      | Reeggar the Demonspawn Berserker began the quest for the Orb.
     0 | D:1      | Reached XP level 1. HP: 18/18 MP: 1/1
   409 | D:1      | Gained mutation: You are partially covered in yellow scales. (AC +2) [demonic ancestry]
   409 | D:1      | Reached XP level 2. HP: 24/24 MP: 2/2
  1369 | D:2      | Reached XP level 3. HP: 29/29 MP: 3/3
  1598 | D:2      | Reached XP level 4. HP: 14/35 MP: 4/4
  2058 | D:2      | You fall through a shaft!
  2134 | D:2      | Found a sparkling altar of Nemelex Xobeh.
  2644 | D:3      | Reached ** piety under Trog
  2664 | D:3      | Gained mutation: You are slightly more attuned to the shadows. [demonic ancestry]
  2664 | D:3      | Reached XP level 5. HP: 23/42 MP: 5/5
  3881 | D:3      | Noticed an ogre
  3886 | D:3      | Killed an ogre
  3886 | D:3      | Reached skill level 1 in Shields
  3886 | D:3      | Gained mutation: You sometimes gain a little power by taking damage. [demonic ancestry]
  3886 | D:3      | Reached XP level 6. HP: 18/48 MP: 6/6
  4118 | D:4      | Reached skill level 1 in Stealth
  4314 | D:4      | Noticed cba's ghost (novice FoFi)
  4496 | D:4      | HP: 2/48 [poisoned by a worker ant]
  4499 | D:4      | Succumbed to a worker ant's poison

Skill      XL: |  1  2  3  4  5  6 |
---------------+-------------------+-----
Axes           | 3 4 |  4.1
Dodging        | 2 3 |  3.4
Armour         | 2 3 |  3.3
Fighting       | 4 |  4.3
Shields        | 1 |  1.9
Stealth        | 1 |  1.6

Action                   |  1- 3 |  4- 6 || total
-------------------------+-------+-------++-------
Melee: Hand axe          |   101 |    77 ||   178
       Broad axe         |       |    75 ||    75
       Short sword       |       |    48 ||    48
Invok: Berserk           |     2 |     5 ||     7
       Trog's Hand       |       |     2 ||     2
  Use: Scroll            |       |    10 ||    10
  Eat: Chunk             |     3 |     5 ||     8
       Bread ration      |       |     2 ||     2
Armor: Animal skin       |    28 |       ||    28
       Leather armour    |    28 |    32 ||    60
       Scale mail        |       |   107 ||   107
Dodge: Dodged            |   111 |   108 ||   219
Block: Buckler           |       |    42 ||    42
